 Dungeon Crawl Stone Soup version 0.28-a0-476-g0f06bd746f (webtiles) character file.

Game seed: 18273460840263883799

137 freelancePsychic the Skirmisher (level 5, 0/42 HPs)
             Began as a Demonspawn Fighter on Sept 16, 2021.
             Succumbed to an orc wizard's poison
             ... on level 3 of the Dungeon.
             The game lasted 00:03:57 (2770 turns).

freelancePsychic the Skirmisher (DsFi)              Turns: 2770, Time: 00:03:58

Health: 0/42       AC:  8    Str: 17    XL:     5   Next: 0%
Magic:  5/5        EV:  9    Int: 10    God:
Gold:   86         SH:  4    Dex: 12    Spells: 4/4 levels left

rFire   . . .      SeeInvis .   j - +0 morningstar
rCold   . . .      Faith    .   c - +0 buckler
rNeg    . . .      Spirit   .   b - +0 scale mail
rPois   .          Reflect  .   (no helmet)
rElec   .          Harm     .   (no cloak)
rCorr   .          Rampage  .   (no gloves)
Will    .....                   (no boots)
Stlth   ..........              (no amulet)
HPRegen 0.14/turn               (no ring)
MPRegen 0.18/turn               (no ring)

@: lethally poisoned (0 -> -17), attractive, very slightly contaminated,
invisible
A: talons 1, molten scales 1, magic regeneration
a: no special abilities


You were on level 3 of the Dungeon.
You visited 1 branch of the dungeon, and saw 3 of its levels.

You collected 130 gold pieces.
You spent 44 gold pieces at shops.

Inventory:

Hand Weapons
 j - a +0 morningstar (weapon)
Armour
 b - a +0 scale mail (worn)
 c - a +0 buckler (worn)
Jewellery
 e - a ring of fire
Scrolls
 h - a scroll of amnesia {unknown}
 k - a scroll of enchant armour {unknown}
Potions
 d - a potion of might
 f - a potion of flight
 i - a potion of cancellation {unknown}


   Skills:
 + Level 3.8 Fighting
 * Level 3.5 Maces & Flails
 - Level 2.6 Armour
 + Level 3.4 Shields


You had 4 spell levels left.
You didn't know any spells.
Your spell library was empty.

Dungeon Overview and Level Annotations

Branches:
Dungeon (3/15)

Altars:

Shops:
D:1 ([*

Annotations:
D:2 1 runed translucent door, Crazy Yiuf


Innate Abilities, Weirdness & Mutations

You have sharp toenails.
You are partially covered in molten scales. (AC +2)
You regenerate magic rapidly.


Message History

You are too injured to fight recklessly!
You are too injured to fight recklessly!
You are too injured to fight recklessly!
You are too injured to fight recklessly!
You are too injured to fight recklessly!
You are too injured to fight recklessly!
You are too injured to fight recklessly!
You are too injured to fight recklessly!
You are too injured to fight recklessly!
You puncture the orc!
You kill the orc!
You feel very sick. Something hits you but does no damage.
You are more poisoned.
An orc comes into view. It is wielding a +0 mace.
The kobold hits you but does no damage.
You have reached level 5!
Your scale mail prevents you from hitting the kobold.
You feel very sick. Something hits you but does no damage.
The kobold hits you but does no damage.
You closely miss the kobold.
You feel very sick. Something hits you.
* * * LOW HITPOINT WARNING * * *
You are lethally poisoned!
The kobold barely misses you.
An orc comes into view. It is wielding a +0 club.
You hear some strange, mumbled words.
Something tries to affect you, but you resist.
It was a potion of invisibility.
You fade into invisibility!
* * * LOW HITPOINT WARNING * * *
You feel very sick.
The orc shouts!
The kobold hits you but does no damage. Something hits you.
* * * LOW HITPOINT WARNING * * *
You are very lightly contaminated with residual magic.
It was a potion of attraction.
You feel attractive to monsters.
You die...

#. #.# #..# #
# #.## #..# #
#..###..# #
....##..#
##..##).#
#..##..# # #
#..##..# #
#oo####..##..#
#
#.o.K@.......#
#
##.####.######
# #.# # #.# #
..# ###### #
#.# #....# #
##. #.##.####
. #.#......
#.#...###


You could see 3 orcs and a kobold.

Vanquished Creatures
  An orc priest (D:3)
  6 adders
  A worm (D:1)
  2 dart slugs
  3 orcs
  4 ball pythons
  8 bats
  5 endoplasms
  A giant cockroach (D:1)
  4 goblins
  4 jackals (D:1)
  A quokka (D:2)
  A frilled lizard (D:3)
  3 kobolds
  2 rats
46 creatures vanquished.

Vanquished Creatures (others)
  2 fungi (D:2)
2 creatures vanquished.

Grand Total: 48 creatures vanquished

Notes
Turn   | Place    | Note
-------+----------+-------------------------------------------
     0 | D:1      | freelancePsychic the Demonspawn Fighter began the quest for
                  | the Orb.
     0 | D:1      | Reached XP level 1. HP: 18/18 MP: 1/1
    68 | D:1      | Found Unarghis's Antique Armour Boutique.
    75 | D:1      | Found Jiotair's Weapon Shop.
   374 | D:1      | Gained mutation: You are partially covered in molten
                  | scales. (AC +2) [demonic ancestry]
   374 | D:1      | Reached XP level 2. HP: 24/24 MP: 2/2
   407 | D:1      | Found Xaurunea's Assorted Antiques.
   618 | D:1      | Found a faded altar of an unknown god.
   837 | D:2      | Gained mutation: You regenerate magic rapidly. [demonic
                  | ancestry]
   837 | D:2      | Reached XP level 3. HP: 22/29 MP: 3/3
  2026 | D:2      | Found a runed translucent door.
  2027 | D:2      | Noticed Crazy Yiuf
  2070 | D:3      | Gained mutation: You have sharp toenails. [demonic
                  | ancestry]
  2070 | D:3      | Reached XP level 4. HP: 30/35 MP: 4/4
  2475 | D:1      | Bought a +0 morningstar for 44 gold pieces
  2767 | D:3      | Reached XP level 5. HP: 23/42 MP: 5/5
  2769 | D:3      | HP: 2/42 [something (3)]
  2770 | D:3      | Succumbed to an orc wizard's poison

Illustrated notes

Levels and vault maps discovered:
D:1:      lightli_arrival_maybe_door_vault, layout_loops_ring, serial_shops,
          nicolae_shop_crystal, shop, shop,
          shapermc_ecumenical_altar_mp_vishouse
D:2:      layout_rooms, serial_rivers, chequers_serial_rivers_micro_e,
          chequers_serial_rivers_micro_a, chequers_serial_rivers_marsh,
          chequers_serial_rivers_small_b, chequers_serial_rivers_room_b,
          chequers_serial_rivers_large_a, minmay_tetromino_i4,
          uniq_crazy_yiuf_cottage
D:3:      layout_loops_ring

Skill      XL: |  1  2  3 |
---------------+----------+-----
Maces & Flails | 2 3 |  3.5
Shields        | 3 |  3.4
Fighting       | |  3.8
Armour         | |  2.6

Action                   |  1- 3 |  4- 6 || total
-------------------------+-------+-------++-------
Melee: Flail             |   107 |    16 ||   123
       Morningstar       |       |    36 ||    36
       Kick              |       |    14 ||    14
  Use: Scroll            |     1 |     3 ||     4
       Potion            |       |     2 ||     2
Armor: Scale mail        |    62 |    42 ||   104
Dodge: Dodged            |    67 |    42 ||   109
Block: Buckler           |    33 |    22 ||    55

Table legend: (Time is in decaauts)
 A = Elapsed time spent in this place.
 B = Non-inter-level travel time spent in this place.
 C = Inter-level travel time spent in this place.
 D = Time resting spent in this place.
 E = Time spent auto-exploring this place.
 F = Levels seen in this place.
 G = Mean time per level.
                   A        B        C        D        E       F      G
               +--------+--------+--------+--------+--------+-----+--------+
         Total |   2841 |   2753 |     88 |    328 |   1959 |   3 |  947.0 |
       Dungeon |   2841 |   2753 |     88 |    328 |   1959 |   3 |  947.0 |
               +--------+--------+--------+--------+--------+-----+--------+

Top non-repeatable levels by time:
     D:2: 1288 daAuts
     D:1: 1046 daAuts
     D:3: 506 daAuts
